 Dungeon Crawl Stone Soup version 0.25-a0-285-gcba6f664f8 (webtiles) character file.

Game seed: 18031870177796057005, levelgen mode: deterministic

116 kae the Firebug (level 5, -4/28 HPs)
             Began as a Tengu Fire Elementalist on Dec 11, 2019.
             Slain by an ogre
             ... wielding a +0 giant club
              (13 damage)
             ... on level 3 of the Dungeon.
             The game lasted 00:04:37 (2953 turns).

kae the Firebug (Tengu Fire Elementalist)           Turns: 2953, Time: 00:04:37

Health: -4/28      AC:  3    Str:  8    XL:     5   Next: 0%
Magic:  5/9        EV: 13    Int: 16    God:
Gold:   125        SH:  0    Dex: 15    Spells: 8/9 levels left

rFire    . . .     SeeInvis .   k - +3 whip (holy)
rCold    . . .     Gourm    .   (no shield)
rNeg     . . .     Faith    .   a - +0 robe
rPois    .         Spirit   .   (helmet restricted)
rElec    .         Reflect  .   j - +0 cloak
rCorr    .         Harm     .   (no gloves)
MR       .....                  (boots unavailable)
Stlth    ++........             (no amulet)
HPRegen  0.09/turn              (no ring)
MPRegen  0.11/turn              (no ring)

@: no status effects
A: beak, talons 3, able to fly
a: Fly


You were on level 3 of the Dungeon.
You were not hungry.

You visited 1 branch of the dungeon, and saw 3 of its levels.

You collected 125 gold pieces.

Inventory:

Hand Weapons
 k - a +3 whip of holy wrath (weapon)
Armour
 a - a +0 robe (worn)
 j - a +0 cloak (worn)
Scrolls
 d - a scroll of enchant weapon
 h - 3 scrolls of teleportation
 i - a scroll of remove curse
 o - a scroll of amnesia {unknown}
Potions
 b - a potion of flight
 e - 2 potions of mutation
 f - a potion of resistance {unknown}
 g - a potion of haste {unknown}
 l - a potion of agility {unknown}
 m - a potion of degeneration {unknown}
 n - a potion of magic {unknown}
 p - a potion of might {unknown}
Comestibles
 c - 4 rations


   Skills:
 - Level 2.1 Dodging
 - Level 2.0 Stealth
 + Level 2.6 Spellcasting
 * Level 4.0 Conjurations
 * Level 4.6 Fire Magic


You had 8 spell levels left.
You knew the following spells:

 Your Spells              Type           Power        Failure   Level  Hunger
a - Foxfire               Conj/Fire      ###.         3%          1    #......

Your spell library contained the following spells:

 Spells                   Type           Power        Failure   Level  Hunger
 Conjure Flame            Conj/Fire      ###.....     10%         3    ###....
 Inner Flame              Hex/Fire       #.......     22%         3    ###....
 Sticky Flame             Conj/Fire      ###.....     32%         4    #####..
 Fireball                 Conj/Fire      ###.......   67%         5    ######.


Dungeon Overview and Level Annotations

Branches:
Dungeon (3/15)

Altars:

Annotations:
D:3 exclusions: ogre, 3 orcs and orc priest


Innate Abilities, Weirdness & Mutations

You have a beak for a mouth.
You have claws for feet.
You can fly continuously.


Message History

Confirm with . or Enter, or press ? or * to list all spells.
You conjure some foxfire!
The ogre hits you with a +0 giant club!
Ouch! That really hurt!
The foxfire hits the ogre.
The ogre is moderately wounded.
The foxfire hits the ogre.
The ogre is heavily wounded.
Casting: Foxfire (safe; 3% risk of failure)
Confirm with . or Enter, or press ? or * to list all spells.
You conjure some foxfire!
The ogre closely misses you.
The foxfire hits the ogre.
The ogre is severely wounded.
The foxfire hits the ogre.
The ogre is severely wounded.
The ogre hits you with a +0 giant club.
* * * LOW HITPOINT WARNING * * *
Casting: Foxfire (safe; 3% risk of failure)
Confirm with . or Enter, or press ? or * to list all spells.
You conjure some foxfire!
The ogre hits you with a +0 giant club!
You die...

######..## ##
#......(.. .#
#.####..## .#
#####O###..[##.###.###
.#
#....@v......#........
.#
#.###v###.....O....###
.# ####.###.# ###### .#
#........# #.. .#
#.##.##### #.. .#
#####.##.## #..## .#
#.........######...##
.#
#.###.##............##
### .#
#.###.#.#.####.......##
##.#


You could see an ogre.

Vanquished Creatures
  3 adders (D:3)
  An ooze (D:1)
  2 worms (D:2)
  3 dart slugs
  5 leopard geckos
  7 bats
  3 giant cockroaches (D:1)
  7 goblins
  8 hobgoblins
  2 jackals (D:1)
  2 quokkas
  3 frilled lizards
  9 kobolds
  11 rats
66 creatures vanquished.

Vanquished Creatures (others)
  121 foxfires
121 creatures vanquished.

Grand Total: 187 creatures vanquished

Notes
Turn   | Place    | Note
-------+----------+-------------------------------------------
     0 | D:1      | kae the Tengu Fire Elementalist began the quest for the
                  | Orb.
     0 | D:1      | Reached XP level 1. HP: 10/10 MP: 4/4
    92 | D:1      | Reached XP level 2. HP: 15/15 MP: 4/6
   842 | D:1      | Reached XP level 3. HP: 18/19 MP: 4/7
  1900 | D:2      | Reached XP level 4. HP: 19/24 MP: 8/8
  2527 | D:3      | Noticed an ogre
  2929 | D:3      | Gained mutation: You can fly continuously. [Tengu growth]
  2929 | D:3      | Reached XP level 5. HP: 28/28 MP: 9/9
  2953 | D:3      | Slain by an ogre

Levels and vault maps discovered:
D:1:      enne_arrival_octagon_isle, layout_basic, minmay_misc_feat_rugged,
          serial_bayou_pond_d
D:2:      layout_loops_ring, first_ration
D:3:      layout_loops_corners, kennysheep_flooded_box

Skill      XL: |  1  2  3  4  5 |
---------------+----------------+-----
Conjurations   | 2 3 4 |  4.0
Fire Magic     | 4 |  4.6
Dodging        | |  2.1
Stealth        | |  2.0
Spellcasting   | |  2.6

Action                   |  1- 3 |  4- 6 || total
-------------------------+-------+-------++-------
Melee: Unarmed           |    12 |       ||    12
       Kick              |     6 |    12 ||    18
       Whip              |    16 |    39 ||    55
       Peck              |     1 |     5 ||     6
 Cast: Foxfire           |    53 |    24 ||    77
  Use: Scroll            |     4 |     3 ||     7
 Stab: Sleeping          |     2 |     3 ||     5
  Eat: Chunk             |     3 |     4 ||     7
Armor: Robe              |    15 |     6 ||    21
Dodge: Dodged            |    42 |    33 ||    75

Table legend:
 A = Non-vault XP
 B = Vault XP
 C = Vault XP percentage of total XP
 D = Non-vault monster count
 E = Vault monster count
 F = Vault count percentage of total count
                 A         B        C        D         E       F
            +---------+---------+-------+---------+---------+-------
      Total |     166 |       0 |   0.0 |      66 |       0 |   0.0
            +---------+---------+-------+---------+---------+-------
        D:1 |      65 |       0 |   0.0 |      32 |       0 |   0.0
        D:2 |      51 |       0 |   0.0 |      25 |       0 |   0.0
        D:3 |      50 |       0 |   0.0 |       9 |       0 |   0.0
            +---------+---------+-------+---------+---------+-------
